 Dungeon Crawl Stone Soup version 0.28-a0-823-gb444dcf96d (webtiles) character file.

Game seed: 16245530805036452107

3144 bande the Cleaver (level 9, -14/56 HPs)
             Began as a Gargoyle Fighter on Nov 9, 2021.
             Demolished by an orc warrior (19 damage)
             ... on level 5 of the Dungeon.
             The game lasted 00:13:58 (7512 turns).

bande the Cleaver (Gargoyle Fighter)                Turns: 7512, Time: 00:13:59

Health: -14/56     AC: -3    Str: 22    XL:     9   Next: 93%
Magic:  9/9        EV:  8    Int:  8    God:
Gold:   1060       SH: 11    Dex: 11    Spells: 8/8 levels left

rFire   . . .      SeeInvis .   a - +1 war axe
rCold   . . .      Faith    .   i - +1 kite shield
rNeg    + . .      Spirit   .   b - +0 scale mail
rPois   ∞          Reflect  .   g - +0 helmet
rElec   +          Harm     .   h - +0 cloak
rCorr   .          Rampage  .   (no gloves)
Will    .....                   (no boots)
Stlth   ..........              (no amulet)
HPRegen 0.18/turn               (no ring)
MPRegen 0.11/turn               (no ring)

@: mighty, corroded
A: sickness immunity, AC +6, negative energy resistance 1, electricity
resistance, torment resistance 1, petrification resistance, claws 1, talons 1
a: no special abilities


You were on level 5 of the Dungeon.
You visited 1 branch of the dungeon, and saw 6 of its levels.

You collected 1060 gold pieces.

Inventory:

Hand Weapons
 a - a +1 war axe (weapon)
 n - a +0 war axe
 t - a +1 flail of draining
Missiles
 k - 3 throwing nets (quivered)
Armour
 b - a +0 scale mail (worn)
 g - a +0 helmet (worn)
 h - a +0 cloak (worn)
 i - a +1 kite shield (worn)
Jewellery
 p - an amulet of magic regeneration
Wands
 f - a wand of digging (4)
 r - a wand of flame (10)
Scrolls
 c - a scroll of teleportation
 o - a scroll of blinking
 q - 2 scrolls of amnesia
Potions
 e - 2 potions of flight
 j - a potion of ambrosia
 l - a potion of curing
 m - a potion of haste {unknown}
 s - a potion of heal wounds


   Skills:
 + Level 6.4 Fighting
 + Level 8.2 Axes
 + Level 7.1 Armour
 + Level 7.4 Shields
 * Level 2.8 Evocations


You had 8 spell levels left.
You didn't know any spells.
Your spell library was empty.

Dungeon Overview and Level Annotations

Branches:
Dungeon (6/15)
 Temple: D:4-7

Altars:
Cheibriados
Gozag
Makhleb

Shops:
D:4 (   D:5 *


Innate Abilities, Weirdness & Mutations

You are immune to sickness and miasma.
Your stone body is resilient. (AC +6)
You are immune to poison.
You resist negative energy. (rN+)
You are resistant to electric shocks. (rElec)
You are resistant to unholy torment.
You are immune to petrification.
You have sharp fingernails.
You have sharp toenails.


Message History

You block the orc warrior's attack. x2; The rust devil hits you.
The rust devil corrodes you!
The orc warrior hits you with a +0 hand axe.
You closely miss the orc warrior. Your kick misses the orc warrior.
The orc warrior is moderately wounded.
You barely miss the orc warrior. You closely miss the rust devil.
The orc warrior hits you with a +0 scimitar!
The rust devil hits you. The rust devil corrodes you!
You block the orc warrior's attack. x2; The rust devil hits you.
The rust devil corrodes you!
You closely miss the orc warrior.
You claw the orc warrior, but do no damage.
The orc warrior is moderately wounded.
You hit the orc warrior.
You hit the rust devil but do no damage.
You block the orc warrior's attack.
The orc warrior hits you with a +0 scimitar!
* * * LOW HITPOINT WARNING * * *
You block the rust devil's attack.
You feel much better. You block the orc warrior's attack.
The orc warrior hits you with a +0 scimitar!
The rust devil hits you! The rust devil corrodes you!
You feel very mighty all of a sudden.
The orc warrior hits you with a +0 hand axe!
* * * LOW HITPOINT WARNING * * *
You block the orc warrior's attack. You block the rust devil's attack.
Unknown command.
You hit the orc warrior. You claw the orc warrior.
The orc warrior is severely wounded.
You hit the orc warrior but do no damage.
You hit the rust devil but do no damage.
The orc warrior barely misses you. You block the orc warrior's attack.
The rust devil hits you.
* * * LOW HITPOINT WARNING * * *
The rust devil corrodes you!
You closely miss the orc warrior. Your kick misses the orc warrior.
The orc warrior is severely wounded.
You barely miss the orc warrior. You barely miss the rust devil.
The orc warrior hits you with a +0 hand axe!!
You die...

###..##......###∩###...##
##.##.....##♣...♣##...#
#..##.#..#).....)#...#
##.##.#.###.....###..#
#)##.#.#,+..8..+,#.##
####..#.#.###.....###.#
#..........#)..4..)#..#
#..........##♣4oo♣##.##
#......).#..###@###..#
##........##...###...##
.........#####.....###
.........# #######
.........# .......###
.......# .......#
.......#


You could see 2 rust devils and 2 orc warriors.

Vanquished Creatures
  Pikel (D:6)
  Prince Ribbit (D:5)
  Grinder (D:4)
  Eustachio (D:5)
  A steam dragon (D:5)
  Menkaure (D:4)
  Edmund (D:6)
  A water moccasin (D:5)
  An ice beast (D:5)
  A sky beast (D:3)
  2 black bears
  3 ogres
  A phantom (D:5)
  Blork the orc (D:6)
  3 bullfrogs
  A scorpion (D:5)
  2 howler monkeys
  An orc priest (D:6)
  4 hounds
  Jessica (D:2)
  Ijyb (D:5)
  2 iguanas
  2 orc wizards
  A howler monkey zombie (D:5)
  Robin (D:2)
  6 gnolls
  7 adders
  A shadow imp (D:5)
  3 ufetubi
  An adder skeleton (D:4)
  A dart slug (D:2)
  10 orcs
  5 bats
  6 endoplasms
  2 giant cockroaches (D:1)
  14 goblins
  9 hobgoblins
  7 jackals
  5 quokkas
  5 ball pythons
  4 frilled lizards
  4 kobolds
  4 rats (D:3)
130 creatures vanquished.

Vanquished Creatures (others)
  2 gnolls (D:5)
  An adder (D:5)
  11 plants (D:6)
14 creatures vanquished.

Grand Total: 144 creatures vanquished

Notes
Turn   | Place    | Note
-------+----------+-------------------------------------------
     0 | D:1      | bande the Gargoyle Fighter began the quest for the Orb.
     0 | D:1      | Reached XP level 1. HP: 14/14 MP: 1/1
   203 | D:1      | Reached XP level 2. HP: 14/19 MP: 2/2
   974 | D:2      | Noticed Robin
   977 | D:2      | Reached skill level 2 in Axes
   979 | D:2      | Reached XP level 3. HP: 23/23 MP: 3/3
   983 | D:2      | Killed Robin
  1389 | D:2      | Identified a scroll of acquirement
  1389 | D:2      | Acquired 827 gold pieces
  1398 | D:2      | Found a faded altar of an unknown god.
  1582 | D:2      | Noticed Jessica
  1588 | D:2      | Killed Jessica
  1589 | D:2      | Reached XP level 4. HP: 22/29 MP: 4/4
  1914 | D:3      | Gained mutation: You have sharp fingernails. [potion of
                  | mutation]
  1914 | D:3      | Gained mutation: You have sharp toenails. [potion of
                  | mutation]
  2133 | D:3      | Reached skill level 3 in Axes
  2184 | D:3      | Noticed a sky beast
  2195 | D:3      | Killed a sky beast
  2196 | D:3      | Reached XP level 5. HP: 16/33 MP: 5/5
  2538 | D:3      | Found a burning altar of Makhleb.
  2546 | D:3      | Found a snail-covered altar of Cheibriados.
  2649 | D:3      | Found an opulent altar of Gozag.
  3113 | D:4      | Noticed an ogre
  3140 | D:3      | Reached XP level 6. HP: 27/38 MP: 6/6
  3238 | D:3      | Reached skill level 4 in Axes
  3363 | D:4      | Found Haduakhla's Firing Range.
  3418 | D:4      | Noticed Grinder
  3422 | D:4      | Paralysed by Grinder for 2 turns
  3441 | D:4      | Killed Grinder
  3442 | D:4      | Reached skill level 5 in Armour
  3442 | D:4      | Reached XP level 7. HP: 39/44 MP: 7/7
  3488 | D:4      | Reached skill level 5 in Axes
  3871 | D:4      | Noticed Menkaure
  3881 | D:4      | Killed Menkaure
  3882 | D:4      | Reached skill level 5 in Shields
  4175 | D:4      | Reached XP level 8. HP: 44/48 MP: 8/8
  4387 | D:5      | Entered Level 5 of the Dungeon
  4402 | D:5      | Noticed Ijyb
  4407 | D:5      | Reached skill level 5 in Fighting
  4416 | D:5      | Killed Ijyb
  4486 | D:5      | Reached skill level 6 in Axes
  5160 | D:5      | Found Fukh's Serpentskin Sales.
  6185 | D:5      | Reached skill level 7 in Axes
  6185 | D:5      | Reached XP level 9. HP: 52/55 MP: 9/9
  6625 | D:6      | Noticed Prince Ribbit
  6633 | D:6      | Noticed Eustachio
  6633 | D:6      | Noticed Edmund
  6671 | D:5      | Killed Prince Ribbit
  6672 | D:5      | Reached skill level 1 in Evocations
  6689 | D:6      | Killed Edmund
  7012 | D:5      | Killed Eustachio
  7151 | D:6      | Noticed Pikel
  7179 | D:6      | Killed Pikel
  7180 | D:6      | Reached skill level 8 in Axes
  7189 | D:6      | Noticed Blork the orc
  7201 | D:6      | Killed Blork the orc
  7498 | D:5      | Noticed a rust devil
  7498 | D:5      | Noticed a rust devil
  7512 | D:5      | Demolished by an orc warrior

Illustrated notes

Levels and vault maps discovered:
D:1:      psy_arrival_conway, layout_loops_ring
D:2:      layout_loops_ring, hellmonk_ecumenical_altar_arch_garden,
          minmay_misc_feat_more_columns, uniq_robin, uniq_jessica
D:3:      layout_basic, mainiacjoe_overflow_large_starburst,
          mainiacjoe_overflow_concentric_impassable, small_statue_intersection
D:4:      layout_layer_cave, nicolae_shop_firing_range, uniq_grinder,
          uniq_menkaure
D:5:      cheibrodos_iron_armory, layout_basic, guppyfry_shop_venom, uniq_ijyb
D:6:      layout_rooms, lemuel_tele_altar, fedhas_altar_decomposition,
          kennysheep_mini, serial_shops, shop, uniq_eustachio, uniq_edmund,
          uniq_blork_the_orc, uniq_sigmund, uniq_pikel, uniq_prince_ribbit1

Skill      XL: |  1  2  3  4  5  6  7  8  9 |
---------------+----------------------------+-----
Axes           | 2 3 4 5 7 8 |  8.2
Armour         | 4 5 6 7 |  7.1
Fighting       | 4 5 6 |  6.4
Shields        | 4 5 6 7 |  7.4
Evocations     | 2 |  2.8

Action                   |  1- 3 |  4- 6 |  7- 9 || total
-------------------------+-------+-------+-------++-------
Melee: War axe           |   105 |   111 |   321 ||   537
       Kick              |       |    24 |    88 ||   112
  Use: Scroll            |     8 |     5 |     4 ||    17
       Potion            |       |     1 |     4 ||     5
Armor: Scale mail        |    48 |    75 |   231 ||   354
Dodge: Dodged            |    55 |    32 |   122 ||   209
Block: Buckler           |    33 |       |       ||    33
       Kite shield       |       |    46 |   220 ||   266

Table legend: (Time is in decaauts)
 A = Elapsed time spent in this place.
 B = Non-inter-level travel time spent in this place.
 C = Inter-level travel time spent in this place.
 D = Time resting spent in this place.
 E = Time spent auto-exploring this place.
 F = Levels seen in this place.
 G = Mean time per level.
                   A        B        C        D        E       F      G
               +--------+--------+--------+--------+--------+-----+--------+
         Total |   7734 |   7627 |    107 |   2563 |   3435 |   6 | 1289.0 |
       Dungeon |   7734 |   7627 |    107 |   2563 |   3435 |   6 | 1289.0 |
               +--------+--------+--------+--------+--------+-----+--------+

Top non-repeatable levels by time:
     D:5: 2545 daAuts
     D:3: 1326 daAuts
     D:4: 1221 daAuts
     D:1: 989 daAuts
     D:2: 967 daAuts
     D:6: 682 daAuts
